 Dungeon Crawl Stone Soup version 0.31-a0-844-gdc52ec4e09 (webtiles) character file.

Game seed: 15513878800733037455

2214 Joey1 the Cleaver (level 9, -6/111 HPs)
             Began as a Minotaur Berserker on Sept 30, 2023.
             Was a High Priest of Trog.
             Mangled by a two-headed ogre
             ... wielding a +0 giant spiked club
              (32 damage)
             ... on level 7 of the Dungeon.
             The game lasted 00:09:11 (5801 turns).

Joey1 the Cleaver (Minotaur Berserker)              Turns: 5801, Time: 00:09:11

Health: -6/111     AC: 14    Str: 25    XL:     9   Next: 13%
Magic:  8/8        EV:  9    Int:  4    God:    Trog [*****.]
Gold:   436        SH:  6    Dex: 11    Spells: 8/8 levels left

rFire   . . .        v - +0 war axe
rCold   + . .        C - +2 buckler
rNeg    . . .        h - +0 chain mail
rPois   +            p - +2 hat
rElec   .            (no cloak)
rCorr   .            u - +0 pair of gloves
SInv    .            J - +0 pair of boots
Will    .....        g - amulet of faith Stlth
                     l - ring of protection from cold
HPRegen 0.38/turn    o - ring of poison resistance
MPRegen 0.11/turn

%: faith
@: berserking, very quick
A: horns 2, retaliatory headbutt
a: Renounce Religion, Berserk, Trog's Hand, Brothers in Arms


You were on level 7 of the Dungeon.
You worshipped Trog.
Trog was extremely pleased with you.
You visited 2 branches of the dungeon, and saw 8 of its levels.
You also visited: Sewer.

You collected 436 gold pieces.

Inventory:

Hand Weapons
 a - a +0 hand axe
 v - a +0 war axe (weapon)
 F - a +3 hand axe of freezing
Missiles
 i - 6 curare-tipped darts
 w - 8 boomerangs
Armour
 b - a +0 animal skin
 h - a +0 chain mail (worn)
 p - a +2 hat (worn)
 u - a +0 pair of gloves (worn)
 C - a +2 buckler (worn)
 J - a +0 pair of boots (worn)
Jewellery
 f - an amulet of magic regeneration
 g - an amulet of faith (around neck)
 k - a ring of protection from cold
 l - a ring of protection from cold (left hand)
 m - a ring of positive energy
 o - a ring of poison resistance (right hand)
 I - a +5 ring of evasion
Wands
 t - a wand of iceblast (4)
 z - a wand of charming (25)
Scrolls
 c - 2 scrolls of identify {unknown}
 e - 3 scrolls of enchant weapon {unknown}
 j - 2 scrolls of amnesia {unknown}
 n - 3 scrolls of teleportation {unknown}
 q - 2 scrolls of fear {unknown}
 x - 3 scrolls of blinking {unknown}
 y - 2 scrolls of poison {unknown}
 E - a scroll of noise {unknown}
 G - a scroll of vulnerability {unknown}
 K - a scroll of silence {unknown}
Potions
 d - 2 potions of heal wounds {unknown}
 r - a potion of mutation {unknown}
 s - a potion of magic {unknown}
 A - a potion of might {unknown}
 B - 2 potions of curing {unknown}
 D - a potion of degeneration {unknown}
 H - a potion of haste


   Skills:
 - Level 5.0 Fighting
 * Level 12.8 Axes
 - Level 5.0 Armour
 - Level 3.0 Dodging
 + Level 4.2 Shields


You had 8 spell levels left.
You didn't know any spells.
Your spell library was empty.

Dungeon Overview and Level Annotations

Branches:
Dungeon (7/15)             Temple (1/1) D:5           Sewer (visited)

Altars:
Cheibriados
Dithmenos
Elyvilon
Fedhas
Gozag
Kikubaaqudgha
Makhleb
Nemelex Xobeh
Qazlal
Ru
Sif Muna
Trog
Uskayaw
Vehumet
Wu Jian
Xom
Yredelemnul
Zin
The Shining One

Shops:
D:1 (

Annotations:
D:7 exclusion: door


Innate Abilities, Weirdness & Mutations

You have a pair of horns on your head.
You reflexively headbutt those who attack you in melee.


Message History

A two-headed ogre comes into view.
It is wielding a +0 giant spiked club and a +0 giant club.
A kobold comes into view. It is wielding a +0 dagger.
The kobold brigand moves out of view.
The kobold moves out of view.
A kobold comes into view.
It is wielding a +0 short sword and quivering poisoned darts.
There are monsters nearby!
There are monsters nearby!
A wight comes into view. It is wielding a +4 great sword.
Found a ring mail and a runed dagger.
The kobold shouts! x3; The two-headed ogre shouts in stereo!
There are monsters nearby!
There are monsters nearby!
You slash the kobold!
You kill the kobold!
Trog accepts your kill.
A wight comes into view.
It is wielding a +3 war axe of freezing.
Things that are here:
a +0 whip; a kobold corpse You slash the two-headed ogre!
The two-headed ogre is lightly wounded.
You block the two-headed ogre's attack. The two-headed ogre barely misses you.
Unknown command.
You hit the two-headed ogre. You headbutt the two-headed ogre.
The two-headed ogre is moderately wounded.
You barely miss the two-headed ogre.
The two-headed ogre is moderately wounded.
The two-headed ogre hits you with a +0 giant spiked club!!
The two-headed ogre hits you with a +0 giant club!
Unknown command.
You barely miss the two-headed ogre.
The two-headed ogre is moderately wounded.
You barely miss the two-headed ogre. You headbutt the two-headed ogre!
The two-headed ogre is moderately wounded.
The two-headed ogre hits you with a +0 giant spiked club!
The two-headed ogre hits you with a +0 giant club!
* * * LOW HITPOINT WARNING * * *
You are too injured to fight recklessly!
A red film seems to cover your vision as you go berserk!
You feel yourself moving faster!
You feel mighty!
The two-headed ogre hits you with a +0 giant spiked club!!
You die...

# ....#..............
#.####.##.########....
###.......#.....#
###.# )..........###.#
#.# #..###..#.# #.#
#..##.....# #..
#.......### ###
##.##.#.# #...@..#
####O###


KKK zKK[. ......# #......# #......# #.###### You could see a two-headed ogre, a
kobold brigand, a wight and 4 kobolds.

Vanquished Creatures
  Grinder (D:4)
  A water moccasin (Sewer)
  An ice beast (D:6)
  A black bear (D:6)
  An ogre (D:5)
  4 phantoms
  A kobold brigand (D:7)
  2 water moccasin zombies (D:4)
  4 wights (D:6)
  A bullfrog zombie (D:4)
  An iron imp (D:6)
  2 hounds
  2 jellies (D:5)
  An orc priest (D:4)
  A gnoll bouda (D:6)
  Ijyb (D:4)
  3 iguanas
  3 scorpion zombies
  3 sleepcaps
  4 orc wizards
  3 hound zombies (D:4)
  2 hound skeletons (D:4)
  6 gnolls
  5 adders
  A shadow imp (D:7)
  A white imp (D:7)
  2 ufetubi
  3 adder zombies (D:4)
  An adder skeleton (D:4)
  4 worms
  5 dart slugs
  12 orcs
  6 endoplasms
  3 giant cockroaches
  10 goblins
  6 hobgoblins
  7 jackals
  3 quokkas
  8 ball pythons
  2 ball python zombies (D:3)
  11 bats
  16 kobolds
  A quokka skeleton (D:4)
  6 rats
162 creatures vanquished.

Vanquished Creatures (others)
  An orc wizard (D:5)
1 creature vanquished.

Grand Total: 163 creatures vanquished

Notes
Turn   | Place    | Note
-------+----------+-------------------------------------------
     0 | D:1      | Joey1 the Minotaur Berserker began the quest for the Orb.
     0 | D:1      | Reached XP level 1. HP: 19/19 MP: 0/0
   197 | D:1      | Reached XP level 2. HP: 23/27 MP: 1/1
   256 | D:1      | Reached skill level 4 in Axes
   381 | D:1      | Found Guolaud's Weapon Shoppe.
   470 | D:1      | Reached XP level 3. HP: 33/33 MP: 2/2
   471 | D:1      | Reached ** piety under Trog
  1023 | D:2      | Reached XP level 4. HP: 40/40 MP: 3/3
  1297 | D:2      | Found a faded altar of an unknown god.
  1468 | D:2      | Reached skill level 5 in Axes
  1779 | D:3      | Reached *** piety under Trog
  2037 | D:3      | Found a basalt altar of Yredelemnul.
  2050 | D:3      | Reached XP level 5. HP: 43/47 MP: 4/4
  2607 | D:4      | Noticed a phantom
  2624 | D:4      | Killed a phantom
  2625 | D:4      | Reached skill level 5 in Fighting
  2625 | D:4      | Reached skill level 6 in Axes
  2626 | D:4      | Reached XP level 6. HP: 56/56 MP: 5/5
  2627 | D:4      | Reached skill level 7 in Axes
  2697 | D:4      | Noticed Grinder
  2704 | D:4      | Reached skill level 8 in Axes
  2718 | D:4      | Killed Grinder
  2719 | D:4      | Reached skill level 9 in Axes
  2719 | D:4      | Reached XP level 7. HP: 57/61 MP: 6/6
  2859 | D:4      | Found a shadowy altar of Dithmenos.
  2904 | D:4      | Found a blossoming altar of Fedhas.
  2905 | D:4      | Noticed Ijyb
  2918 | D:4      | Killed Ijyb
  2919 | D:4      | Reached **** piety under Trog
  3093 | D:4      | Reached skill level 10 in Axes
  3502 | D:5      | Entered Level 5 of the Dungeon
  3509 | D:5      | Reached XP level 8. HP: 42/68 MP: 7/7
  3517 | D:5      | Reached skill level 11 in Axes
  3825 | D:5      | Found an ancient bone altar of Kikubaaqudgha.
  3862 | D:5      | Found a sparkling altar of Nemelex Xobeh.
  3979 | D:5      | Found a staircase to the Ecumenical Temple.
  4156 | D:5      | Found a white marble altar of Elyvilon.
  4321 | D:5      | Reached skill level 1 in Shields
  4688 | Temple   | Entered the Ecumenical Temple
  4817 | D:6      | Reached skill level 12 in Axes
  4827 | D:6      | Reached ***** piety under Trog
  4828 | D:6      | Reached skill level 5 in Armour
  5026 | D:6      | Found an ornate altar of the Wu Jian Council.
  5101 | D:6      | Found a glowing drain.
  5109 | Sewer    | Entered a sewer
  5142 | Sewer    | Reached XP level 9. HP: 66/74 MP: 8/8
  5413 | D:6      | Found a burning altar of Makhleb.
  5614 | D:7      | Found a shimmering blue altar of Sif Muna.
  5792 | D:7      | Noticed a two-headed ogre
  5801 | D:7      | Mangled by a two-headed ogre

Illustrated notes

Levels and vault maps discovered:
D:1:      tarquinn_simple_flora_water_c, layout_basic, serial_shops,
          nicolae_shop_bloodbath_and_beyond, minmay_pentomino_t4
D:2:      layout_basic, dreamdust_ecumenical_altar_hidden_monk_grotto,
          minmay_hedge_maze
D:3:      layout_loops_cross, nicolae_yredelemnul_corpse_copse, minmay_circle_x
D:4:      layout_loops_ring, nicolae_dithmenos_shadow_blocks, fedhas_altar_2,
          serial_undead, serial_undead_b, serial_undead_d, serial_undead_e,
          serial_undead_a, uniq_grinder, uniq_ijyb
D:5:      layout_cave_pods, mainiacjoe_overflow_brackets, amcnicky_altar_gilded,
          mainiacjoe_overflow_catwalk, minmay_temple_entry_glassed_door
D:6:      layout_rooms, makhleb_grotto_becter, marbit_many_paths,
          cheibrodos_sewer_entry_bend
D:7:      layout_loops_cross, led_sif_book
Temple:   jpeg_temple_alley_garden

Skill      XL: |  1  2  3  4  5  6  7  8  9 |
---------------+----------------------------+-----
Axes           | 4 5 6 9 10 12 | 12.8
Fighting       | 4 5 |  5.0
Armour         | 3 5 |  5.0
Dodging        | 3 |  3.0
Shields        | 3 4 |  4.2

Action                     |  1- 3 |  4- 6 |  7- 9 || total
---------------------------+-------+-------+-------++-------
  Melee: Hand axe          |    85 |   232 |    64 ||   381
         Headbutt          |    16 |    55 |    28 ||    99
         Punch             |       |     1 |     1 ||     2
         War axe           |       |       |   119 ||   119
 Invoke: Berserk           |       |     1 |     1 ||     2
         Trog's Hand       |       |     1 |       ||     1
 Armour: Animal skin       |    30 |       |       ||    30
         Chain mail        |    27 |   116 |   156 ||   299
  Dodge: Dodged            |    51 |    55 |    64 ||   170
  Block: Buckler           |       |       |    27 ||    27

Table legend: (Time is in decaauts)
 A = Elapsed time spent in this place.
 B = Non-inter-level travel time spent in this place.
 C = Inter-level travel time spent in this place.
 D = Time resting spent in this place.
 E = Time spent auto-exploring this place.
 F = Levels seen in this place.
 G = Mean time per level.
                   A        B        C        D        E       F      G
               +--------+--------+--------+--------+--------+-----+--------+
         Total |   5813 |   5413 |    400 |    137 |   3934 |   9 |  645.9 |
       Dungeon |   5714 |   5314 |    400 |    137 |   3865 |   7 |  816.3 |
        Temple |      1 |      1 |      0 |      0 |      0 |   1 |    1.0 |
         Sewer |     97 |     97 |      0 |      0 |     69 |   1 |   97.0 |
               +--------+--------+--------+--------+--------+-----+--------+

Top non-repeatable levels by time:
     D:5: 1224 daAuts
     D:4: 956 daAuts
     D:2: 954 daAuts
     D:1: 834 daAuts
     D:3: 772 daAuts
     D:6: 664 daAuts
     D:7: 308 daAuts
   Sewer: 97 daAuts
  Temple: 1 daAuts
